 Dungeon Crawl Stone Soup version 0.18.1-48-g4cf74bf (webtiles) character file.

586 Krapule the Skirmisher (level 7, -6/55 HPs)
             Began as a Demonspawn Berserker on July 6, 2016.
             Was a Priest of Trog.
             Mangled by a centaur (9 damage)
             ... on level 5 of the Dungeon.
             The game lasted 00:15:19 (5582 turns).

Krapule the Skirmisher (Demonspawn Berserker)       Turns: 5582, Time: 00:15:20

Health: -6/55      AC:  3    Str: 17    XL:     7   Next: 15%
Magic:  7/7        EV: 15    Int:  9    God:    Trog [***...]
Gold:   195        SH:  0    Dex: 21    Spells: 0 memorised, 6 levels left

rFire  + . .     SeeInvis .       - Unarmed
rCold  . . .     Gourm    .     c - +0 leather armour
rNeg   . . .     Faith    .     (no shield)
rPois  .         Spirit   .     (no helmet)
rElec  .         Dismiss  .     (no cloak)
rCorr  .         Reflect  .     (no gloves)
SustAt .         Harm     .     (no boots)
MR     ++...                    (no amulet)
Stlth  ++........               v - +2 ring of dexterity
                                h - +3 ring of dexterity

@: regenerating, very resistant to hostile enchantments, unstealthy
A: claws 2, thin skeletal structure 1, fire resistance 1
a: Berserk, Trog's Hand, Burn Spellbooks, Renounce Religion


You were on level 5 of the Dungeon.
You worshipped Trog.
Trog was most pleased with you.
You were near starving.

You visited 1 branch of the dungeon, and saw 5 of its levels.

You collected 195 gold pieces.

Inventory:

Armour
 c - a +0 leather armour (worn)
 y - a +0 buckler
Jewellery
 h - a +3 ring of dexterity (left claw)
 j - an uncursed ring of protection from fire
 p - a +2 ring of intelligence
 v - a +2 ring of dexterity (right claw)
Wands
 w - a wand of acid (8/15)
Scrolls
 a - 2 scrolls of teleportation {unknown}
 d - a scroll of random uselessness {unknown}
 e - 2 scrolls of immolation {unknown}
 i - 6 scrolls of identify {unknown}
 l - 3 scrolls of amnesia {unknown}
 n - 2 scrolls of enchant weapon {unknown}
 o - 2 scrolls of recharging {unknown}
 r - 3 scrolls of blinking {unknown}
 u - 5 scrolls of remove curse {unknown}
Potions
 f - 3 potions of heal wounds
 g - 2 potions of lignification {unknown}
 m - 2 potions of curing {unknown}
 q - a potion of ambrosia {unknown}
 s - a potion of flight {unknown}
 t - a potion of degeneration {unknown}
 x - a potion of agility {unknown}
 z - a potion of resistance {unknown}
 B - 2 potions of might {unknown}
Comestibles
 b - 4 bread rations
 k - 3 meat rations
 C - a beef jerky


   Skills:
 + Level 4.8 Fighting
 + Level 3.7 Armour
 + Level 3.9 Dodging
 + Level 4.4 Unarmed Combat


You had 6 spell levels left.
You didn't know any spells.

Dungeon Overview and Level Annotations

Branches:
Dungeon (5/15)             Temple (0/1) D:4

Altars:
Ashenzari
Dithmenos
Makhleb
Pakellas
Ru
Trog
Xom
Zin
The Shining One

Shops:
D:3 *


Innate Abilities, Weirdness & Mutations

You have very sharp fingernails.
You have a somewhat thin skeletal structure (Dex +2, Stealth).
Your flesh is heat resistant.


Message History

You scratch the adder.
The adder is heavily wounded.
The adder misses you. The centaur barely misses you.
You barely miss the adder.
The adder is heavily wounded.
The adder bites you.
* * * LOW HITPOINT WARNING * * *
The centaur hits you but does no damage.
You scratch the adder but do no damage.
The adder is heavily wounded.
The adder barely misses you. The centaur hits you.
* * * LOW HITPOINT WARNING * * *
Drink which item? (? for menu, Esc to quit)
Okay, then.
Your skin crawls.
You feel resistant to hostile enchantments.
You feel slightly more hungry. The centaur hits you.
* * * LOW HITPOINT WARNING * * *
The adder barely misses you. The centaur hits you!
You die...

#.(...################.......
#<...........)..........#....
#####([....## ######.......##....
..........## ###..)....######..##
..........# #.........# #..#..
...........Sc..#.......# #5###_
...>........## #.......# #..#..
..c..5.....## #c##.#### ##..##
.S........... #@##..# ##...
...............#S###.#########c..
....$............###.#.........##
..............###...###
........#.....###(###
................#(######
.......(###.............
......### ##.......##### ......
####..........


You could see a centaur and an adder.

Vanquished Creatures
  2 ogres (D:4)
  A centaur (D:5)
  A scorpion (D:4)
  A crimson imp (D:5)
  A hound (D:4)
  A jelly (D:5)
  An orc wizard (D:4)
  A worker ant (D:4)
  A hound skeleton (D:4)
  3 adders
  An adder skeleton (D:4)
  3 worms
  A dart slug (D:3)
  5 giant geckos
  4 orcs (D:4)
  6 bats
  2 giant cockroaches
  11 goblins
  8 hobgoblins
  6 jackals (D:1)
  4 quokkas
  2 ball pythons
  7 giant newts
  7 kobolds
  6 rats
86 creatures vanquished.

Notes
Turn   | Place    | Note
--------------------------------------------------------------
     0 | D:1      | Krapule the Demonspawn Berserker began the quest for the Orb.
     0 | D:1      | Reached XP level 1. HP: 18/18 MP: 1/1
   120 | D:1      | Gained mutation: Your flesh is heat resistant. [demonic ancestry]
   120 | D:1      | Reached XP level 2. HP: 14/24 MP: 2/2
   663 | D:1      | Gained mutation: You have a somewhat thin skeletal structure (Dex +2, Stealth). [demonic ancestry]
   663 | D:1      | Reached XP level 3. HP: 25/29 MP: 3/3
   687 | D:1      | Reached ** piety under Trog
  1278 | D:2      | Found a shadowy altar of Dithmenos.
  1792 | D:2      | Reached XP level 4. HP: 22/35 MP: 4/4
  2255 | D:3      | You fall through a shaft!
  2679 | D:3      | Found Zin's Purification Station.
  2688 | D:3      | Found a glowing silver altar of Zin.
  3003 | D:3      | Reached *** piety under Trog
  3501 | D:4      | Noticed an ogre
  3524 | D:4      | Found a staircase to the Ecumenical Temple.
  3568 | D:4      | Noticed a phantom
  3584 | D:4      | Gained mutation: You have sharp fingernails. [demonic ancestry]
  3584 | D:4      | Reached XP level 5. HP: 35/42 MP: 5/5
  4209 | D:4      | Killed an ogre
  4209 | D:4      | Gained mutation: You have very sharp fingernails. [demonic ancestry]
  4209 | D:4      | Reached XP level 6. HP: 49/49 MP: 6/6
  4253 | D:4      | Found a glowing golden altar of the Shining One.
  4253 | D:4      | Found a shattered altar of Ashenzari.
  4253 | D:4      | Found a shimmering altar of Xom.
  4253 | D:4      | Found a bloodstained altar of Trog.
  4935 | D:4      | Found a sacrificial altar of Ru.
  4935 | D:4      | Found a burning altar of Makhleb.
  5100 | D:5      | Entered Level 5 of the Dungeon
  5189 | D:5      | Found an oddly glowing altar of Pakellas.
  5503 | D:5      | Found a shattered altar of Ashenzari.
  5567 | D:5      | Reached XP level 7. HP: 23/55 MP: 7/7
  5582 | D:5      | Mangled by a centaur

Skill      XL: |  1  2  3  4  5  6 |
---------------+-------------------+-----
Armour         | 2 3 |  3.7
Unarmed Combat | 3 4 |  4.4
Dodging        | 2 3 |  3.9
Fighting       | 4 |  4.8

Action                   |  1- 3 |  4- 6 |  7- 9 || total
-------------------------+-------+-------+-------++-------
Melee: Unarmed           |   190 |   191 |     7 ||   388
       Punch             |     1 |     2 |       ||     3
Invok: Berserk           |       |     2 |       ||     2
       Trog's Hand       |       |       |     1 ||     1
  Use: Potion            |       |     2 |       ||     2
 Stab: Sleeping          |     5 |     2 |       ||     7
  Eat: Chunk             |     3 |     9 |       ||    12
       Beef jerky        |       |     1 |       ||     1
       Fruit             |       |     2 |       ||     2
Armor: Leather armour    |    41 |    25 |     2 ||    68
       Animal skin       |     2 |       |       ||     2
Dodge: Dodged            |   125 |   105 |     9 ||   239
